 Dungeon Crawl Stone Soup version 0.27.1-33-g824d729ab1 (webtiles) character file.

Game seed: 15457672176608259143

11342 MisterFreud the Nimble (level 11, 0/54 HPs)
             Began as a Felid Berserker on Dec 1, 2021.
             Was a High Priest of Trog.
             Slain by a boulder beetle (25 damage)
             ... on level 2 of the Lair of Beasts.
             The game lasted 00:17:24 (15217 turns).

MisterFreud the Nimble (Felid Berserker)           Turns: 15217, Time: 00:17:25

Health: 0/54       AC:  2    Str: 13    XL:     11   Next: 48%
Magic:  12/12      EV: 32    Int:  9    God:    Trog [*****.]
Gold:   640        SH:  5    Dex: 19    Spells: 10/10 levels left
                                        Lives:  0   Deaths: 3

rFire    . . .     SeeInvis +     - Unarmed
rCold    . . .     Faith    .   (shield unavailable)
rNeg     . . .     Spirit   .   (armour unavailable)
rPois    .         Reflect  +   (helmet unavailable)
rElec    .         Harm     .   (cloak unavailable)
rCorr    .         Rampage  .   (gloves unavailable)
Will     ++...                  (boots unavailable)
Stlth    +++++.....             g - amulet of reflection
HPRegen  0.18/turn              t - +4 ring of evasion
MPRegen  0.13/turn              u - ring of willpower

@: on berserk cooldown, slowed, slow
A: very small, claws 1, fangs 3, see invisible, speed 1, shaggy fur 2, stealthy
paws, no weapons or thrown items, no armour, multi-lived
a: Renounce Religion, Berserk, Trog's Hand, Brothers in Arms


You were on level 2 of the Lair of Beasts.
You worshipped Trog.
Trog was extremely pleased with you.
You visited 2 branches of the dungeon, and saw 14 of its levels.

You collected 640 gold pieces.

Inventory:

Jewellery
 e - a ring of fire
 g - an amulet of reflection (around neck)
 q - a ring of ice
 s - a +6 ring of strength
 t - a +4 ring of evasion (left paw)
 u - a ring of willpower (right paw)
Wands
 b - a wand of polymorph (16)
 i - a wand of flame (9)
 k - a wand of digging (3)
Scrolls
 f - 8 scrolls of teleportation
 m - a scroll of fog
 n - 2 scrolls of fear
 r - a scroll of identify
Potions
 a - a potion of attraction
 c - 5 potions of curing
 d - a potion of haste
 h - 3 potions of might
 j - 2 potions of heal wounds
 l - a potion of lignification
 o - a potion of magic {unknown}
 p - a potion of berserk rage {unknown}


   Skills:
 - Level 10.0 Fighting
 - Level 14.0 Dodging
 - Level 10.0 Stealth
 + Level 13.2 Unarmed Combat


You had 10 spell levels left.
You didn't know any spells.
Your spell library was empty.

Dungeon Overview and Level Annotations

Branches:
Dungeon (12/15)            Temple (0/1) D:4            Lair (2/6) D:11
  Swamp: Lair:2-4    Shoals: Lair:2-4     Snake: Lair:2-4    Spider: Lair:2-4
    Orc: D:9-12

Altars:
Cheibriados
Dithmenos
Kikubaaqudgha
Makhleb
Nemelex Xobeh
Ru


Innate Abilities, Weirdness & Mutations

You have sharp claws.
You have razor-sharp teeth.
You have supernaturally acute eyesight. (SInv)
You cover ground quickly. (Speed+)
You are covered in thick fur. (AC +2)
Your paws help you pounce on unaware monsters.
You are incapable of wielding weapons or throwing items.
You cannot wear armour.
You gain extra lives every three experience levels.


Message History

No target in view!
You start resting.
You feel yourself speed up.
You start resting.
HP restored.
You start waiting.
You recover from your berserk rage.
A boulder beetle comes into view.
A boulder beetle is nearby!
A boulder beetle is nearby!
Found 10 gold pieces.
Found 14 gold pieces.
The boulder beetle completely misses you.
A red film seems to cover your vision as you go berserk!
You feel yourself moving faster!
You feel mighty!
The boulder beetle leaps!
Found 9 arrows.
You feel a strong urge to attack something.
You feel your anger nearly subside.
You are no longer berserk.
You are exhausted.
You feel yourself slow down. The boulder beetle misses you.
You scratch the boulder beetle.
The boulder beetle is lightly wounded.
The boulder beetle misses you.
You scratch the boulder beetle but do no damage.
You bite the boulder beetle, but do no damage.
The boulder beetle is lightly wounded.
You block the boulder beetle's attack.
You scratch the boulder beetle but do no damage.
The boulder beetle is lightly wounded.
The boulder beetle closely misses you.
You scratch the boulder beetle but do no damage.
The boulder beetle barely misses you. The boulder beetle misses you.
You claw the boulder beetle!
The boulder beetle is lightly wounded.
The boulder beetle bites you!!
Ouch! That really hurt!
You are too injured to fight recklessly!
The boulder beetle bites you!!
You die...

#... ####
#...####..####
#P$.........#
#........$.# ##
#..........#
P.######..........##
...................P#
#........B##.(...P##
.#.....@.##......#
#....##.P##....##
#....##### ....#
#....## ....# ...
#.....# ....# 8..
#....## ...# ....
##....# ..8. #P....#
.....### #P....#


You could see a boulder beetle.

Vanquished Creatures
  Fannar (D:10)
  Erolcha (D:9)
  3 two-headed ogres
  A death yak (D:10)
  2 black mambas (Lair:1)
  4 cane toads
  Maggie (D:10)
  2 rime drakes (Lair:1)
  A kobold demonologist (D:9)
  3 komodo dragons (Lair:1)
  2 hornets
  A polar bear (Lair:1)
  Grinder (D:3)
  5 blink frogs (Lair:1)
  Sigmund (D:2)
  A shadow (D:11)
  A wyvern (D:11)
  23 yaks
  2 steam dragons
  A basilisk (D:8)
  Duvessa (D:6)
  Menkaure (D:6)
  2 acid dragons
  3 water moccasins
  6 black bears
  A hornet zombie (D:5)
  A swamp drake (D:6)
  4 orc warriors
  A sky beast (D:8)
  A necrophage (D:7)
  An ogre (D:6)
  An ice beast (D:7)
  5 wolves (Lair:1)
  3 centaurs
  2 phantoms
  9 bullfrogs
  2 gnoll sergeants
  A scorpion (D:5)
  Dowan (D:6)
  A wyvern skeleton (D:6)
  5 wights (D:8)
  3 howler monkeys
  A bullfrog zombie (D:6)
  2 centaur zombies
  A centaur skeleton (D:7)
  5 orc priests
  3 bullfrog skeletons
  Jessica (D:3)
  7 iguanas
  15 orc wizards
  3 killer bee zombies (D:7)
  A hound zombie (D:5)
  A howler monkey zombie (D:9)
  12 gnolls
  11 adders
  A white imp (D:7)
  An ufetubus (D:5)
  4 adder skeletons
  2 worms
  A dart slug (D:1)
  42 orcs
  5 bats
  2 bat zombies (D:3)
  8 endoplasms
  2 giant cockroaches
  3 goblins
  9 hobgoblins
  11 jackals
  11 kobolds
  4 quokkas
  16 ball pythons
  A ball python skeleton (D:2)
  A frilled lizard (D:2)
  A quokka skeleton (D:2)
  4 rats
304 creatures vanquished.

Vanquished Creatures (collateral kills)
  A two-headed ogre (D:11)
1 creature vanquished.

Vanquished Creatures (others)
  4 plants
  6 withered plants (D:2)
10 creatures vanquished.

Grand Total: 315 creatures vanquished

Notes
Turn   | Place    | Note
-------+----------+-------------------------------------------
     0 | D:1      | MisterFreud the Felid Berserker began the quest for the
                  | Orb.
     0 | D:1      | Reached XP level 1. HP: 10/10 MP: 2/2
    73 | D:1      | Reached skill level 1 in Stealth
   253 | D:1      | Reached XP level 2. HP: 11/14 MP: 3/3
  1147 | D:2      | Reached XP level 3. HP: 17/17 MP: 4/4
  1337 | D:2      | Reached ** piety under Trog
  1574 | D:2      | Reached XP level 4. HP: 20/21 MP: 5/5
  1804 | D:2      | Succumbed to an adder's poison
  1805 | D:2      | Reached XP level 3. HP: 0/25 MP: 4/4
  2265 | D:2      | Reached XP level 4. HP: 21/21 MP: 5/5
  2515 | D:2      | Noticed Sigmund
  2525 | D:2      | Killed Sigmund
  2526 | D:2      | Reached skill level 5 in Stealth
  2526 | D:2      | Reached skill level 5 in Unarmed Combat
  2526 | D:2      | Reached XP level 5. HP: 24/24 MP: 6/6
  2938 | D:3      | Gained mutation: You are covered in thick fur. (AC +2)
                  | [Felid growth]
  2938 | D:3      | Reached XP level 6. HP: 28/28 MP: 7/7
  3027 | D:3      | Found a snail-covered altar of Cheibriados.
  3032 | D:3      | Found a sacrificial altar of Ru.
  3096 | D:3      | Noticed Jessica
  3101 | D:3      | Killed Jessica
  3109 | D:3      | Reached *** piety under Trog
  3220 | D:3      | Noticed Grinder
  3228 | D:3      | Killed Grinder
  3229 | D:3      | Reached skill level 6 in Dodging
  3229 | D:3      | Reached XP level 7. HP: 31/31 MP: 8/8
  3363 | D:3      | Found an ancient bone altar of Kikubaaqudgha.
  3513 | D:3      | Found a faded altar of an unknown god.
  3962 | D:4      | Reached skill level 7 in Dodging
  4150 | D:4      | Reached skill level 8 in Dodging
  4326 | D:4      | Found a staircase to the Ecumenical Temple.
  4698 | D:4      | Reached **** piety under Trog
  5146 | D:5      | Entered Level 5 of the Dungeon
  5174 | D:5      | Reached skill level 9 in Dodging
  5250 | D:5      | Reached XP level 8. HP: 27/34 MP: 9/9
  5768 | D:5      | Reached skill level 10 in Dodging
  6590 | D:6      | Reached skill level 5 in Fighting
  7056 | D:6      | Noticed Menkaure
  7066 | D:6      | Killed Menkaure
  7066 | D:6      | Reached ***** piety under Trog
  7133 | D:6      | Noticed Duvessa
  7138 | D:6      | Noticed Dowan
  7145 | D:6      | Killed Duvessa
  7149 | D:6      | Killed Dowan
  7150 | D:6      | Reached XP level 9. HP: 41/41 MP: 10/10
  9154 | D:7      | Reached skill level 10 in Stealth
  9913 | D:8      | Reached XP level 10. HP: 45/45 MP: 11/11
 10207 | D:8      | Noticed a two-headed ogre
 10214 | D:8      | Killed a two-headed ogre
 10215 | D:8      | Reached skill level 10 in Unarmed Combat
 10275 | D:9      | Reached skill level 11 in Dodging
 10285 | D:9      | Noticed Erolcha
 10288 | D:9      | Killed Erolcha
 10321 | D:9      | Reached skill level 12 in Dodging
 10911 | D:9      | Reached skill level 13 in Dodging
 11175 | D:9      | Found a sparkling altar of Nemelex Xobeh.
 11326 | D:9      | Found a shadowy altar of Dithmenos.
 11384 | D:9      | Found a burning altar of Makhleb.
 11437 | D:10     | Entered Level 10 of the Dungeon
 11437 | D:10     | Noticed a two-headed ogre
 11544 | D:10     | Noticed a two-headed ogre
 11550 | D:10     | Killed a two-headed ogre
 11551 | D:10     | Reached skill level 14 in Dodging
 11751 | D:10     | Annihilated by a two-headed ogre
 11752 | D:10     | Reached XP level 9. HP: -25/63 MP: 10/10
 11772 | D:10     | Killed a two-headed ogre
 11773 | D:10     | Reached XP level 10. HP: 47/47 MP: 11/11
 11948 | D:10     | Noticed Fannar
 11954 | D:10     | Killed Fannar
 12086 | D:10     | Noticed Maggie
 12108 | D:10     | Killed Maggie
 12135 | D:11     | Noticed a two-headed ogre
 12791 | D:11     | Noticed a death yak
 12792 | D:11     | Noticed a death yak
 12803 | D:11     | Killed a two-headed ogre
 12862 | D:10     | Killed a death yak
 12863 | D:10     | Reached skill level 10 in Fighting
 12863 | D:10     | Reached XP level 11. HP: 13/54 MP: 12/12
 13207 | D:11     | Found a staircase to the Lair.
 13219 | D:11     | Noticed a death yak
 13226 | D:11     | Noticed a death yak
 13253 | Lair:1   | Entered Level 1 of the Lair of Beasts
 13360 | Lair:1   | Slain by a black mamba
 13361 | Lair:1   | Reached XP level 10. HP: 0/51 MP: 11/11
 13499 | Lair:1   | Killed a black mamba
 13543 | Lair:1   | Noticed a cane toad
 13544 | Lair:1   | Noticed a black mamba
 13555 | Lair:1   | Killed a black mamba
 13558 | Lair:1   | Killed a cane toad
 13961 | Lair:1   | Reached XP level 11. HP: 33/54 MP: 12/12
 15200 | Lair:2   | Noticed a boulder beetle
 15217 | Lair:2   | Slain by a boulder beetle

Illustrated notes

Levels and vault maps discovered:
D:1:      eino_arrival_tree_alley, layout_loops_ring
D:2:      layout_loops_corners, serial_undead, serial_undead_b, serial_undead_a,
          serial_undead_e, serial_undead_e, serial_undead_c, serial_undead_c,
          minmay_misc_feat_iff, minmay_joined_circles, uniq_sigmund
D:3:      layout_basic, lemuel_zombie_altar_kikubaaqudgha,
          grunt_temple_overflow_open, chequers_ecumenical_altar_island,
          uniq_jessica, uniq_grinder
D:4:      layout_gridville, minmay_temple_entry_nine_rooms
D:5:      layout_gridville
D:6:      layout_loops_ring, minmay_misc_feat_secret_circle,
          serial_bayou_ford_a, minivault_1, kennysheep_generic_room_11,
          uniq_menkaure, uniq_duvessa
D:7:      layout_cave_pods, serial_column_ruins, column_ruins_columns_dead_end,
          column_ruins_open_tiny, column_ruins_grid_1, column_ruins_open_tiny,
          column_ruins_corridor_straight, kennysheep_doodads
D:8:      layout_basic
D:9:      layout_loops_corners, lemuel_doored_altar,
          mainiacjoe_overflow_six_doors_small, lightli_temple_of_fire,
          uniq_erolcha
D:10:     layout_rooms, uniq_maggie, uniq_fannar
D:11:     layout_basic, dpeg_lair_monsters, gammafunk_ghost_split
D:12:     layout_stronghold, hiddenorc2_lemuel, chequers_mini_garden,
          minmay_diamond_spiral
Lair:1:   layout_cave_pods, gauntlet_entry_generic, beast_lair_carwin_3
Lair:2:   layout_cellular_growth, spider_nest_entry_rubble,
          gammafunk_ghost_abyssal_escape, grunt_megastairs_4

Skill      XL: |  1  2  3  4  5  6  7  8  9 10 11 |
---------------+----------------------------------+-----
Stealth        | 1 2 4 5 6 7 10 | 10.0
Unarmed Combat | 4 5 6 9 12 13 | 13.2
Dodging        | 6 9 10 14 | 14.0
Fighting       | 6 7 10 | 10.0

Action                   |  1- 3 |  4- 6 |  7- 9 | 10-12 || total
-------------------------+-------+-------+-------+-------++-------
Melee: Unarmed           |   115 |    61 |   391 |   387 ||   954
       Bite              |    12 |     6 |    45 |    50 ||   113
       Punch             |     1 |     1 |    18 |    21 ||    41
Invok: Berserk           |     5 |     4 |    23 |    24 ||    56
       Trog's Hand       |       |     1 |     2 |     2 ||     5
       Brothers in Arms  |       |       |       |     1 ||     1
Evoke: Wand              |       |       |     1 |       ||     1
  Use: Scroll            |       |     7 |     7 |     4 ||    18
 Stab: Sleeping          |     6 |     2 |    18 |    11 ||    37
       Distracted        |       |       |     3 |     1 ||     4
Armor: Skin              |     9 |     1 |     8 |     8 ||    26
Dodge: Dodged            |    94 |    42 |   293 |   349 ||   778
Block: Other             |       |       |       |    25 ||    25
